 Dungeon Crawl Stone Soup version 0.20.0-8-g6b59dc7 (webtiles) character file.

389 Monsterracer the Conjurer (level 6, -6/32 HPs)
             Began as a Deep Elf Conjurer on May 30, 2017.
             Mangled by an ogre
             ... wielding a +0 giant club
              (28 damage)
             ... on level 4 of the Dungeon.
             The game lasted 00:06:49 (3300 turns).

Monsterracer the Conjurer (Deep Elf Conjurer)       Turns: 3300, Time: 00:06:50

Health: -6/32      AC:  2    Str:  5    XL:     6   Next: 49%
Magic:  16/16      EV: 14    Int: 22    God:
Gold:   204        SH:  0    Dex: 15    Spells: 1/16 levels left

rFire    . . .     SeeInvis .   e - +2 dagger (distort)
rCold    . . .     Gourm    .   (no shield)
rNeg     . . .     Faith    .   a - +0 robe
rPois    .         Spirit   .   (no helmet)
rElec    .         Reflect  .   (no cloak)
rCorr    .         Harm     .   (no gloves)
MR       .....                  (no boots)
Stlth    +.........             (no amulet)
Regen    0.1/turn               k - +1 ring of evasion
MPRegen  0.2/turn               t - ring of loudness (curse)

@: no status effects
A: no striking features
a: no special abilities


You were on level 4 of the Dungeon.
You were not hungry.

You visited 1 branch of the dungeon, and saw 4 of its levels.

You collected 204 gold pieces.

Inventory:

Hand Weapons
 e - a +2 dagger of distortion (weapon)
Armour
 a - a +0 robe (worn)
 p - a +2 buckler
Jewellery
 k - a +1 ring of evasion (left hand)
 t - a cursed ring of loudness (right hand)
 w - an uncursed ring of flight
Wands
 u - a wand of flame (23/48)
Scrolls
 d - 2 scrolls of enchant armour {unknown}
 g - 5 scrolls of remove curse {unknown}
 h - a scroll of fear {unknown}
 i - a scroll of fog {unknown}
 j - a scroll of enchant weapon {unknown}
 l - 3 scrolls of recharging {unknown}
 n - 3 scrolls of noise {unknown}
 o - 2 scrolls of teleportation {unknown}
 q - 2 scrolls of amnesia {unknown}
 r - 4 scrolls of identify {unknown}
 s - a scroll of random uselessness {unknown}
Books
 b - a book of Conjurations

   Spells                             Type                      Level
   a - Magic Dart                     Conjuration                  1
   b - Searing Ray                    Conjuration                  2
   c - Dazzling Spray                 Conjuration/Hexes            3
   d - Fulminant Prism                Conjuration/Hexes            4
   e - Force Lance                    Conjuration/Translocation    4
   f - Iskenderun's Mystic Blast      Conjuration                  4
Comestibles
 c - a bread ration
 f - 3 royal jellies
 m - 6 fruits


   Skills:
 - Level 2.4 Dodging
 - Level 2.4 Stealth
 + Level 5.9 Spellcasting
 * Level 7.5 Conjurations


You had one spell level left.
You knew the following spells:

 Your Spells              Type           Power        Failure   Level  Hunger
a - Magic Dart            Conj           ####         1%          1    None
b - Searing Ray           Conj           #####.       1%          2    None
c - Fulminant Prism       Conj/Hex       ###.......   19%         4    ###....
d - Iskenderun's Mystic   Conj           #####...     4%          4    ###....
f - Force Lance           Conj/Tloc      ###.....     19%         4    ###....


Dungeon Overview and Level Annotations

Branches:
Dungeon (4/15)
 Temple: D:4-7

Altars:
Elyvilon
Kikubaaqudgha
Qazlal
Sif Muna
Trog


Message History

You start resting.
Eating one of 3 chunks of flesh.
You eat one of the 3 chunks of flesh.
This raw flesh tastes terrible.
All of the chunks of flesh in your inventory have rotted away.
HP restored.
You climb downwards.
The ogre closely misses you.
There is a stone staircase leading up here.
You hit the ogre.
Space bends around the ogre.
The ogre is moderately wounded.
The ogre hits you with a giant club!
A worker ant comes into view.
You closely miss the ogre.
The ogre is moderately wounded.
The ogre hits you but does no damage.
The worker ant twitches its antennae in your direction.
You hit the ogre but do no damage.
Space warps horribly around the ogre!
The ogre is severely wounded.
The ogre hits you with a giant club!!
Ouch! That really hurt!
You die...

..#
#######.##
#........#
#........#
#....a...#
#..[.....#
#.....?..#
#...O<...#
#..@.....#
#########...#
.#... .#


You could see an ogre and a worker ant.

Vanquished Creatures
  Edmund (D:4)
  A scorpion (D:3)
  2 vampire bats (D:3)
  A gnoll (D:1)
  5 adders
  An ooze (D:3)
  A worm (D:2)
  2 dart slugs
  2 leopard geckos
  3 orcs (D:3)
  2 ball pythons (D:1)
  4 bats
  4 bat skeletons (D:3)
  2 bat zombies (D:3)
  6 giant cockroaches
  8 goblins
  9 hobgoblins
  2 jackals (D:1)
  A quokka (D:3)
  4 frilled lizards
  8 kobolds
  4 rats
73 creatures vanquished.

Vanquished Creatures (others)
  2 fulminant prisms (D:3)
2 creatures vanquished.

Grand Total: 75 creatures vanquished

Notes
Turn   | Place    | Note
-------+----------+-------------------------------------------
     0 | D:1      | Monsterracer the Deep Elf Conjurer began the quest for the Orb.
     0 | D:1      | Reached XP level 1. HP: 10/10 MP: 6/6
   268 | D:1      | Reached XP level 2. HP: 15/15 MP: 6/8
   344 | D:1      | Reached skill level 5 in Conjurations
   525 | D:1      | Learned a level 2 spell: Searing Ray
   727 | D:1      | Reached XP level 3. HP: 19/19 MP: 5/10
  1041 | D:2      | Found a white marble altar of Elyvilon.
  1159 | D:2      | Found a deep blue altar of Sif Muna.
  1336 | D:2      | Found a stormy altar of Qazlal.
  1443 | D:2      | Reached XP level 4. HP: 24/24 MP: 9/12
  1814 | D:3      | Reached skill level 6 in Conjurations
  1845 | D:3      | Learned a level 4 spell: Fulminant Prism
  1850 | D:3      | Learned a level 4 spell: Iskenderun's Mystic Blast
  2121 | D:3      | Reached XP level 5. HP: 28/28 MP: 5/14
  2123 | D:3      | Reached skill level 5 in Spellcasting
  2247 | D:3      | Found an ancient bone altar of Kikubaaqudgha.
  2525 | D:3      | Found a bloodstained altar of Trog.
  2908 | D:3      | Reached skill level 7 in Conjurations
  2908 | D:3      | Reached XP level 6. HP: 32/32 MP: 14/16
  2914 | D:3      | Learned a level 4 spell: Force Lance
  3022 | D:4      | Noticed Edmund
  3037 | D:4      | Killed Edmund
  3300 | D:4      | Mangled by an ogre

Skill      XL: |  1  2  3  4  5 |
---------------+----------------+-----
Conjurations   | 5 6 7 |  7.5
Spellcasting   | 4 5 |  5.9
Dodging        | |  2.4
Stealth        | |  2.4

Action                   |  1- 3 |  4- 6 || total
-------------------------+-------+-------++-------
Melee: Dagger            |     2 |     7 ||     9
 Cast: Magic Dart        |    56 |    75 ||   131
       Searing Ray       |     2 |     7 ||     9
       Fulminant Prism   |       |     2 ||     2
       Iskenderun's Myst |       |     2 ||     2
  Use: Potion            |     2 |     1 ||     3
  Eat: Chunk             |     1 |     7 ||     8
Armor: Robe              |     2 |     4 ||     6
Dodge: Dodged            |     6 |    26 ||    32
